 Dungeon Crawl Stone Soup version 0.23.2-33-g5129a83184 (webtiles) character file.

Game seed: 1825066236678892424

60183 DildoBatman the Reanimator (level 15, -15/115 HPs)
             Began as a Formicid Wizard on July 6, 2019.
             Was an Initiate of Gozag.
             Killed from afar by a lindwurm (22 damage)
             ... with a blast of flame
             ... on level 6 of the Lair of Beasts on July 7, 2019.
             The game lasted 02:04:04 (23614 turns).

DildoBatman the Reanimator (Formicid Wizard)       Turns: 23614, Time: 02:04:05

Health: -15/115    AC: 17    Str: 16    XL:     15   Next: 37%
Magic:  30/36      EV: 17    Int: 24    God:    Gozag
Gold:   2382       SH:  0    Dex:  9    Spells: 9/31 levels left

rFire    . . .     SeeInvis +   a - +5 whip of Expedience {slash, Str+2}
rCold    . . .     Gourm    .   (no shield)
rNeg     . . .     Faith    .   n - +4 troll leather armour
rPois    .         Spirit   .   (helmet unavailable)
rElec    .         Reflect  .   w - +2 cloak {+Inv}
rCorr    .         Harm     .   h - +0 pair of gloves
MR       +....                  X - +1 pair of boots
Stlth    +++.......             r - amulet of regeneration
HPRegen  1.09/turn              s - +2 ring of evasion
MPRegen  0.25/turn              Q - ring of magical power

@: gold aura
A: permanent stasis, dig shafts and tunnels, four strong arms, antennae 3,
strong 1, wild magic 1, evolution 1, no potion heal 1
a: Dig, Shaft Self, Potion Petition, Call Merchant, Bribe Branch, Renounce
Religion, Evoke Invisibility


You were on level 6 of the Lair of Beasts.
You worshipped Gozag.
Gozag was most pleased with you.
You were not hungry.

You visited 4 branches of the dungeon, and saw 20 of its levels.
You also visited: Gauntlet.

You collected 3668 gold pieces.
You spent 865 gold pieces at shops.
You paid 421 gold pieces to Gozag.

Inventory:

Hand Weapons
 a - the +5 whip of Expedience (weapon) {slash, Str+2}
   (You took it off a minotaur in a Gauntlet)

   It inflicts extra damage upon your enemies.
   It affects your strength (+2).
 b - a +2 halberd of venom
 c - a +2 shortbow of flaming
Missiles
 G - 245 arrows
Armour
 e - a +0 large shield
 h - a +0 pair of gloves (worn)
 n - a +4 troll leather armour (worn)
 w - a +2 cloak of invisibility (worn)
 X - a +1 pair of boots (worn)
Magical Staves
 Y - an uncursed staff of air
Jewellery
 r - an amulet of regeneration (around neck)
 s - a +2 ring of evasion (left hand)
 I - an uncursed ring of protection from magic
 M - an uncursed ring of protection from cold
 Q - a ring of magical power (right hand)
 R - an uncursed ring of protection from fire
Wands
 A - a wand of disintegration (7)
 L - a wand of acid (4)
 N - a wand of paralysis (23)
 V - a wand of iceblast (7)
 Z - a wand of flame (27)
Scrolls
 l - 3 scrolls of summoning
 o - 5 scrolls of fear
 x - 14 scrolls of remove curse
 y - 5 scrolls of magic mapping
 z - a scroll of identify
 K - a scroll of fog
Potions
 i - 2 potions of might
 k - 5 potions of magic
 p - 2 potions of brilliance
 t - a potion of cancellation
 u - 3 potions of curing
 D - 2 potions of invisibility
 F - 2 potions of resistance
 S - 3 potions of flight
 U - 2 potions of heal wounds
Miscellaneous
 g - 2 boxes of beasts
 T - a fan of gales
Comestibles
 v - 23 rations


   Skills:
 * Level 10.2 Fighting
 - Level 4.0 Maces & Flails
   Level 1.0 Slings
 - Level 1.2 Bows
 * Level 10.3 Armour
 * Level 8.1 Dodging
 - Level 6.0 Stealth
 * Level 8.7 Spellcasting
 - Level 6.0 Conjurations
 - Level 6.0 Charms
   Level 1.0 Summonings
 * Level 10.7 Necromancy
   Level 0.8 Translocations
 - Level 4.0 Fire Magic
 - Level 6.0 Ice Magic
 - Level 4.0 Air Magic
 - Level 8.0 Poison Magic
 - Level 6.0 Evocations


You had 9 spell levels left.
You knew the following spells:

 Your Spells              Type           Power        Failure   Level  Hunger
a - Conjure Flame         Conj/Fire      #####...     4%          3    None
b - Vampiric Draining     Necr           ######....   1%          3    None
d - Regeneration          Chrm/Necr      ######....   1%          3    None
e - Mephitic Cloud        Conj/Pois/Air  ######..     3%          3    None
f - Ozocubu's Armour      Chrm/Ice       ######..     3%          3    None
h - Dispel Undead         Necr           ######..     4%          5    ####...
z - Sublimation of Blood  Necr           ######....   1%          2    None

Your spell library contained the following spells:

 Spells                   Type           Power        Failure   Level  Hunger
 Animate Skeleton         Necr           N/A          1%          1    None
 Freeze                   Ice            ####         1%          1    None
 Magic Dart               Conj           ####         1%          1    None
 Pain                     Necr           ####         1%          1    None
 Searing Ray              Conj           ######       1%          2    None
 Throw Frost              Conj/Ice       ######       1%          2    None
 Animate Dead             Necr           N/A          1%          4    ##.....
 Dazzling Spray           Conj/Hex       ####..       10%         3    None
 Iskenderun's Mystic Bla  Conj           ######..     10%         4    ##.....
 Throw Icicle             Conj/Ice       ######..     10%         4    ##.....
 Excruciating Wounds      Chrm/Necr      ######....   10%         5    ####...
 Corona                   Hex            ##.....      11%         1    None
 Call Imp                 Summ           ###.....     11%         2    None
 Inner Flame              Hex/Fire       ####....     13%         3    None
 Slow                     Hex            ##......     16%         2    None
 Death Channel            Necr           ######....   19%         6    ######.
 Summon Ice Beast         Ice/Summ       #####...     22%         4    ##.....
 Portal Projectile        Hex/Tloc       ###...       24%         3    None
 Force Lance              Conj/Tloc      #####...     24%         4    ##.....
 Fulminant Prism          Conj/Hex       ####......   28%         4    ##.....
 Simulacrum               Ice/Necr       ######....   43%         6    ######.
 Irradiate                Conj/Tmut      ####......   58%         5    ####...
 Cause Fear               Hex            ##........   65%         4    ##.....
 Leda's Liquefaction      Hex/Erth       ##........   65%         4    ##.....
 Haunt                    Necr/Summ      ######....   99%         7    #######
 Hydra Form               Tmut           ##........   100%        6    ######.
 Statue Form              Tmut/Erth      ##.......    100%        6    ######.
 Dragon Form              Tmut           ##........   100%        7    #######
 Borgnjor's Revivificati  Necr           ######....   100%        8    #######
 Death's Door             Chrm/Necr      ######....   100%        8    #######
 Infestation              Necr           ######....   100%        8    #######
 Necromutation            Tmut/Necr      #####.....   100%        8    #######
 Blink                    Tloc           Unusable     N/A         2    N/A

Dungeon Overview and Level Annotations

Branches:
Dungeon (11/15)            Temple (1/1) D:5            Lair (6/6) D:8
  Swamp (0/4) Lair:2        Snake (0/4) Lair:3        Slime (0/5) Lair:6
    Orc (2/2) D:11            Elf (0/3) Orc:2

Altars:
Ashenzari
Cheibriados
Dithmenos
Elyvilon
Fedhas
Gozag
Hepliaklqana
Kikubaaqudgha
Makhleb
Nemelex Xobeh
Okawaru
Qazlal
Ru
Sif Muna
Trog
Uskayaw
Vehumet
Wu Jian
Xom
Yredelemnul
Zin
The Shining One
Beogh

Shops:
D:4 *   D:6 (   D:7 *   D:8 %   Orc:2 }[**

Annotations:
D:9 2 transporters


Innate Abilities, Weirdness & Mutations

You cannot be hasted, slowed, berserked, paralysed or teleported.
You can dig through walls and to a lower floor.
Your four strong arms can wield two-handed weapons with a shield.
You have a pair of large antennae on your head. (SInv)
Your muscles are strong. (Str +2)
Your spells are a little harder to cast, but a little more powerful.
You evolve.
Potions are less effective at restoring your health.


Message History

The lindwurm is heavily wounded.
The lindwurm breathes flames at you. The blast of flame hits you!!
The crocodile is engulfed in noxious fumes.
The crocodile appears confused.
You whack the crocodile!
You kill the crocodile!
The lindwurm breathes flames at you. The blast of flame hits you!!!
Casting: Mephitic Cloud (safe; 3% risk of failure)
Confirm with . or Enter, or press ? or * to list all spells.
Aiming: Vampiric Draining (safe; 1% risk of failure)
Press: ? - help, Shift-Dir - straight line, f - lindwurm
Aim: a lindwurm (heavily wounded, catching its breath)
The lindwurm is heavily wounded.
You feel life coursing into your body. The lindwurm breathes flames at you.
The blast of flame hits you!!
You die...
Your body crumbles into a pile of gold.

,,...........P..#
,,...#..........##
,,..###..........###
,,##*
##...#.....PP####
*** ##.#........#..#
* ####.........#*
#.........##
##.....°....#
*#.....@☼§☼.P#
#.......k...##
##..........#*
*#..........)#*
#.............# **
##...........## ,***
#...........#* ,,,*
*#..........#.*
,,,**
*,,,,,,,,,,,***


You could see a lindwurm.

Vanquished Creatures
  Gastronok (Lair:3)
  An orc warlord (Orc:2)
  2 entropy weavers (Lair:5)
  A minotaur (Gauntlet)
  Snorg (Lair:3)
  An ettin (Orc:2)
  A death ooze (Gauntlet)
  8 hydras
  4 two-headed ogres
  A queen ant (Lair:5)
  A tengu warrior (Gauntlet)
  4 orc high priests (Orc:2)
  Nergalle (D:10)
  2 unseen horrors (D:11)
  4 orc knights
  Pikel (D:4)
  4 orc sorcerers (Orc:2)
  2 cyclopes (Orc:2)
  6 elephants (Lair:5)
  A guardian serpent (Lair:3)
  A centaur zombie (D:10)
  4 black mambas
  A torpor snail (Lair:2)
  16 spiny frogs
  A rime drake (Lair:4)
  4 komodo dragons
  A centaur skeleton (D:10)
  A death yak zombie (Lair:5)
  A freezing wraith (D:11)
  A hydra zombie (Lair:5)
  3 trolls
  A tengu conjurer (Gauntlet)
  The ghost of beardedkeet the Chopper, an amateur MiBe of Trog (D:3)
  A polar bear (Lair:5)
  2 hydra skeletons (Lair:5)
  Grinder (D:6)
  A raiju (Gauntlet)
  7 blink frogs
  5 hippogriffs
  An ettin skeleton (Orc:2)
  Sigmund (D:1)
  2 wyverns
  5 black mamba zombies
  23 yaks
  2 basilisks
  3 hogs (D:9)
  A steam dragon (Lair:5)
  4 black mamba skeletons
  A hungry ghost (D:9)
  A human (D:9)
  3 vampire mosquitoes (Lair:2)
  Edmund (D:5)
  3 wargs
  15 soldier ants (Lair:5)
  3 spiny frog zombies
  6 water moccasins
  38 orc warriors
  5 porcupines
  2 sky beasts
  A black bear (Lair:1)
  A spiny frog skeleton (Lair:5)
  An eye of draining (D:10)
  3 slaves (D:4)
  A blink frog zombie (Lair:1)
  5 ice beasts
  A phantom (D:6)
  20 ogres
  9 wolves (Lair:1)
  11 crocodiles
  9 centaurs
  A dream sheep skeleton (Lair:1)
  A torpor snail zombie (Lair:1)
  2 orc skeletons (Orc:2)
  A big kobold (D:9)
  Blork the orc (D:5)
  2 komodo dragon zombies
  A hippogriff zombie (Lair:1)
  16 bullfrogs
  A cyclops zombie (Orc:2)
  2 hippogriff skeletons
  5 komodo dragon skeletons
  A water moccasin zombie (Lair:1)
  A scorpion (D:8)
  5 killer bees (D:6)
  A wight (D:9)
  A yak skeleton (Lair:1)
  2 yak zombies (Lair:5)
  A howler monkey (D:11)
  3 electric eels (Lair:3)
  5 crimson imps
  3 bullfrog zombies
  11 hounds
  A human zombie (D:4)
  2 quasits
  A basilisk zombie (Lair:3)
  2 bullfrog skeletons
  26 orc priests
  22 orc wizards
  A gnoll shaman (D:3)
  3 iguanas
  A hell rat (Lair:1)
  2 porcupine zombies
  A lightning spire (Gauntlet)
  32 worker ants
  A crocodile zombie (Lair:5)
  A crocodile skeleton (Lair:4)
  2 hound zombies
  3 worker ant zombies
  Robin (D:3)
  3 hound skeletons
  16 gnolls
  4 river rats (Lair:1)
  11 adders
  A howler monkey skeleton (D:8)
  An ooze (D:3)
  An orc zombie (Orc:2)
  3 adder skeletons
  A worm (D:3)
  A dart slug (D:2)
  5 leopard geckos
  102 orcs
  5 bats
  6 giant cockroaches
  14 goblins
  9 hobgoblins
  4 jackals (D:5)
  18 kobolds
  3 quokkas
  4 frilled lizards
  11 rats
  A fungus (Lair:5)
675 creatures vanquished.

Vanquished Creatures (collateral kills)
  A killer bee (D:6)
  2 worker ants (Lair:5)
3 creatures vanquished.

Vanquished Creatures (others)
  A troll (D:9)
  A black bear (D:9)
  An ice beast (D:9)
  A human (D:4)
  A hound (D:9)
  An adder (D:9)
  A leopard gecko (D:9)
  A quokka (D:5)
  A leopard gecko skeleton (D:5)
  8 fungi
  21 plants
38 creatures vanquished.

Grand Total: 716 creatures vanquished

Notes
Turn   | Place    | Note
-------+----------+-------------------------------------------
     0 | D:1      | DildoBatman the Formicid Wizard began the quest for the
                  | Orb.
     0 | D:1      | Reached XP level 1. HP: 13/13 MP: 4/4
    14 | D:1      | Reached skill level 1 in Conjurations
   317 | D:1      | Reached XP level 2. HP: 15/19 MP: 3/6
   740 | D:2      | Reached XP level 3. HP: 20/24 MP: 4/7
   745 | D:2      | Learned a level 3 spell: Conjure Flame
   749 | D:2      | Learned a level 3 spell: Mephitic Cloud
   784 | D:2      | Noticed Sigmund
  1255 | D:2      | Reached XP level 4. HP: 26/30 MP: 0/8
  2101 | D:3      | Found an ancient bone altar of Kikubaaqudgha.
  2102 | D:3      | Found a blossoming altar of Fedhas.
  2107 | D:3      | Became a worshipper of Kikubaaqudgha
  2261 | D:3      | Reached XP level 5. HP: 23/35 MP: 4/9
  2286 | D:3      | Reached skill level 1 in Poison Magic
  2322 | D:3      | Found a shadowy altar of Dithmenos.
  2334 | D:3      | Noticed Robin
  2510 | D:3      | Killed Robin
  2510 | D:3      | Reached * piety under Kikubaaqudgha
  2510 | D:3      | Identified Kikubaaqudgha's Tome of Evil (Kikubaaqudgha
                  | gifted it to you on level 3 of the Dungeon)
  2510 | D:3      | Received a gift from Kikubaaqudgha
  2510 | D:3      | Reached skill level 1 in Fire Magic
  2576 | D:3      | Found a bloodstained altar of Trog.
  2576 | D:3      | Found an opulent altar of Gozag.
  2598 | D:3      | Reached skill level 1 in Air Magic
  2602 | D:3      | Reached XP level 6. HP: 31/41 MP: 2/10
  3004 | D:3      | Identified the cursed +0 halberd "Sacso" {chaos, Int+3}
  3017 | D:3      | Noticed beardedkeet's ghost (amateur MiBe)
  3041 | D:3      | Found a transporter.
  3050 | D:3      | Found a transporter.
  3181 | D:1      | Killed Sigmund
  3181 | D:1      | Reached XP level 7. HP: 38/46 MP: 3/11
  3542 | D:4      | Found Xoheocuo's General Store.
  3571 | D:4      | Bought a potion of flight for 36 gold pieces
  3991 | D:4      | Found an ancient bone altar of Kikubaaqudgha.
  4171 | D:4      | Noticed a human
  4173 | D:4      | Killed a human
  4261 | D:4      | Bought a potion of mutation for 96 gold pieces
  4261 | D:4      | Gained mutation: You are clumsy. (Dex -2) [potion of
                  | mutation]
  4261 | D:4      | Gained mutation: Your system is resistant to poisons.
                  | (rPois) [potion of mutation]
  4261 | D:4      | Gained mutation: You are robust. (+10% HP) [potion of
                  | mutation]
  4261 | D:4      | Gained mutation: You are partially covered in icy blue
                  | scales. (AC +2) [potion of mutation]
  4271 | D:5      | Entered Level 5 of the Dungeon
  4271 | D:5      | Noticed Pikel
  4470 | D:4      | Killed Pikel
  4470 | D:4      | Reached skill level 5 in Conjurations
  4470 | D:4      | Reached skill level 5 in Poison Magic
  4470 | D:4      | Reached XP level 8. HP: 34/57 MP: 0/12
  4580 | D:4      | Learned a level 3 spell: Vampiric Draining
  4583 | D:4      | Learned a level 2 spell: Sublimation of Blood
  4584 | D:5      | Noticed Edmund
  4755 | D:5      | Lost mutation: You are clumsy. (Dex -2) [potion of
                  | mutation]
  4755 | D:5      | Lost mutation: You are robust. (+10% HP) [potion of
                  | mutation]
  4755 | D:5      | Lost mutation: Your system is resistant to poisons. (rPois)
                  | [potion of mutation]
  4755 | D:5      | Lost mutation: You are partially covered in icy blue
                  | scales. (AC +2) [potion of mutation]
  4755 | D:5      | Gained mutation: Your body sometimes deteriorates upon
                  | taking damage. [potion of mutation]
  4755 | D:5      | Gained mutation: You are agile. (Dex +2) [potion of
                  | mutation]
  4762 | D:5      | Noticed Blork the orc
  4774 | D:5      | Killed Blork the orc
  4832 | D:5      | Reached ** piety under Kikubaaqudgha
  4959 | D:5      | Killed Edmund
  4959 | D:5      | Reached skill level 1 in Fighting
  4959 | D:5      | Reached skill level 1 in Armour
  4959 | D:5      | Reached skill level 1 in Necromancy
  5231 | D:5      | Found a staircase to the Ecumenical Temple.
  5242 | Temple   | Entered the Ecumenical Temple
  5519 | D:6      | Reached skill level 1 in Maces & Flails
  5519 | D:6      | Reached skill level 1 in Slings
  5519 | D:6      | Reached XP level 9. HP: 59/59 MP: 11/14
  5557 | D:6      | Found Apiloiq's Weapon Boutique.
  5577 | D:6      | Noticed Grinder
  5597 | D:6      | Killed Grinder
  5611 | D:6      | Found an iron altar of Okawaru.
  6722 | D:7      | Reached XP level 10. HP: 67/70 MP: 13/16
  6755 | D:7      | Found Fulawer's Fabulous Fripperies.
  6831 | D:7      | Lost mutation: Your body sometimes deteriorates upon taking
                  | damage. [potion of mutation]
  6831 | D:7      | Lost mutation: You are agile. (Dex +2) [potion of mutation]
  6831 | D:7      | Gained mutation: You are frail. (-10% HP) [potion of
                  | mutation]
  6831 | D:7      | Gained mutation: You are weak. (Str -2) [potion of
                  | mutation]
  6831 | D:7      | Gained mutation: You are clumsy. (Dex -2) [potion of
                  | mutation]
  6831 | D:7      | Gained mutation: You expend magic power (3 MP) to
                  | strengthen your wands. [potion of mutation]
  6855 | D:7      | Found a white marble altar of Elyvilon.
  7028 | D:7      | Found an ornate altar of the Wu Jian Council.
  7290 | D:8      | Found Ulillap's Food Shoppe.
  7795 | D:8      | Reached *** piety under Kikubaaqudgha
  7795 | D:8      | Identified Kikubaaqudgha's Papyrus of Black Rituals
                  | (Kikubaaqudgha gifted it to you on level 8 of the Dungeon)
  7795 | D:8      | Received a gift from Kikubaaqudgha
  7808 | D:8      | Learned a level 5 spell: Dispel Undead
  7883 | D:8      | Found a staircase to the Lair.
  8265 | D:9      | Found a sacrificial altar of Ru.
  8342 | D:9      | Found a burning altar of Makhleb.
  8443 | D:9      | Found a transporter.
  8602 | D:9      | Reached skill level 5 in Fighting
  8602 | D:9      | Reached skill level 5 in Armour
  8605 | D:9      | Reached skill level 5 in Necromancy
  8694 | D:9      | Found a shimmering altar of Xom.
  8724 | D:9      | Found a transporter.
  8731 | D:9      | Found a shattered altar of Ashenzari.
  8899 | D:10     | Entered Level 10 of the Dungeon
  8967 | D:10     | Reached XP level 11. HP: 61/71 MP: 11/17
  9082 | D:10     | Noticed Nergalle
  9497 | D:10     | Killed Nergalle
  9750 | D:10     | Noticed a two-headed ogre
  9772 | D:10     | Killed a two-headed ogre
  9772 | D:10     | Reached skill level 5 in Spellcasting
 10017 | D:11     | Noticed a two-headed ogre
 10028 | D:11     | Killed a two-headed ogre
 10028 | D:11     | Reached **** piety under Kikubaaqudgha
 10096 | D:11     | Noticed an unseen horror
 10123 | D:11     | Killed an unseen horror
 10625 | D:11     | Found a staircase to the Orcish Mines.
 10748 | D:11     | Noticed an unseen horror
 10761 | D:11     | Killed an unseen horror
 10761 | D:11     | Reached skill level 1 in Bows
 10761 | D:11     | Reached XP level 12. HP: 58/77 MP: 23/23
 11071 | Orc:1    | Entered Level 1 of the Orcish Mines
 11320 | Orc:1    | Found a roughly hewn altar of Beogh.
 11435 | Orc:1    | Reached skill level 10 in Necromancy
 11646 | Orc:1    | Reached ***** piety under Kikubaaqudgha
 11845 | Orc:2    | Entered Level 2 of the Orcish Mines
 11873 | Orc:2    | Reached skill level 1 in Evocations
 11965 | Orc:2    | Noticed a two-headed ogre
 11973 | Orc:2    | Killed a two-headed ogre
 12139 | Orc:2    | Noticed a two-headed ogre
 12152 | Orc:2    | Killed a two-headed ogre
 12270 | Orc:2    | Noticed an ettin
 12535 | Orc:2    | Killed an ettin
 12578 | Orc:2    | Found a roughly hewn altar of Beogh.
 12613 | Orc:2    | Found Eqaofy's Armour Emporium.
 12684 | Orc:2    | Reached skill level 5 in Stealth
 12758 | Orc:2    | Found Mesibboke's Gadget Shoppe.
 12775 | Orc:2    | Reached XP level 13. HP: 63/84 MP: 1/25
 13356 | Orc:2    | Reached ****** piety under Kikubaaqudgha
 13375 | Orc:1    | Received a gift from Kikubaaqudgha
 13380 | Orc:1    | Fell from the grace of Kikubaaqudgha
 13510 | D:3      | Became a worshipper of Gozag Ym Sagoz the Greedy
 13683 | Orc:2    | Learned a level 3 spell: Regeneration
 13687 | Orc:2    | Learned a level 3 spell: Ozocubu's Armour
 13847 | Orc:2    | Found a staircase to the Elven Halls.
 13988 | Orc:2    | Reached skill level 5 in Dodging
 14031 | Orc:2    | Reached skill level 1 in Ice Magic
 14126 | Orc:2    | Reached skill level 1 in Charms
 14169 | Orc:2    | Noticed an orc warlord
 14195 | Orc:2    | Killed an orc warlord
 14195 | Orc:2    | Reached skill level 5 in Evocations
 14855 | Orc:2    | Found Raraoh's General Store.
 14889 | Orc:2    | Bought a potion of cancellation for 104 gold pieces
 14889 | Orc:2    | Bought a scroll of amnesia for 45 gold pieces
 14889 | Orc:2    | Bought a scroll of identify for 26 gold pieces
 15131 | Orc:2    | Found a roughly hewn altar of Beogh.
 15213 | Orc:2    | Found Qothrum's Assorted Antiques.
 15237 | Orc:2    | Bought a scroll of identify for 54 gold pieces
 15237 | Orc:2    | Bought 2 potions of mutation for 432 gold pieces
 15237 | Orc:2    | Bought 2 silvery potions for 48 gold pieces
 15237 | Orc:2    | Bought a fuming silvery potion for 24 gold pieces
 15237 | Orc:2    | Lost mutation: You are frail. (-10% HP) [potion of
                  | mutation]
 15237 | Orc:2    | Lost mutation: You are weak. (Str -2) [potion of mutation]
 15237 | Orc:2    | Lost mutation: You expend magic power (3 MP) to strengthen
                  | your wands. [potion of mutation]
 15237 | Orc:2    | Lost mutation: You are clumsy. (Dex -2) [potion of
                  | mutation]
 15237 | Orc:2    | Gained mutation: You evolve. [potion of mutation]
 15237 | Orc:2    | Gained mutation: Your spells are a little harder to cast,
                  | but a little more powerful. [potion of mutation]
 15237 | Orc:2    | Gained mutation: You are clumsy. (Dex -2) [potion of
                  | mutation]
 15237 | Orc:2    | Gained mutation: Your muscles are strong. (Str +2) [potion
                  | of mutation]
 15518 | D:3      | Killed beardedkeet's ghost
 15712 | Lair:1   | Entered Level 1 of the Lair of Beasts
 15910 | Lair:1   | Noticed a five-headed hydra
 15929 | Lair:1   | Killed a five-headed hydra
 16474 | Lair:1   | Lost mutation: You are clumsy. (Dex -2) [evolution]
 17390 | Lair:2   | Found a staircase to the Swamp.
 17468 | Lair:2   | Reached XP level 14. HP: 34/105 MP: 18/26
 18384 | Lair:3   | Found a staircase to the Snake Pit.
 18469 | Lair:3   | Noticed Gastronok
 19547 | Lair:4   | Noticed Snorg
 19634 | Lair:3   | Killed Snorg
 19684 | Lair:3   | Killed Gastronok
 19684 | Lair:3   | Reached skill level 5 in Ice Magic
 19743 | Lair:3   | Reached skill level 5 in Charms
 20887 | Lair:5   | Noticed an entropy weaver
 21029 | Lair:5   | Was forgiven by Kikubaaqudgha
 21056 | Lair:5   | Gained mutation: Potions are less effective at restoring
                  | your health. [evolution]
 21242 | Lair:5   | Killed an entropy weaver
 21776 | Lair:5   | Noticed an entropy weaver
 21777 | Lair:5   | Reached XP level 15. HP: 96/115 MP: 25/27
 22131 | Lair:6   | Entered Level 6 of the Lair of Beasts
 22182 | Lair:6   | Reached skill level 10 in Armour
 22277 | Lair:6   | Found a gate leading to a gauntlet.
 22287 | Lair:6   | Reached skill level 10 in Fighting
 22297 | Gauntlet | Entered a Gauntlet
 22297 | Gauntlet | Found a transporter.
 22297 | Gauntlet | Found a transporter.
 22307 | Gauntlet | Found a transporter.
 22310 | Gauntlet | Found a transporter.
 22321 | Gauntlet | Found a transporter.
 22321 | Gauntlet | Found a transporter.
 22334 | Gauntlet | Found a transporter.
 22343 | Gauntlet | Found a large runed translucent door.
 22344 | Gauntlet | Found a large runed translucent door.
 22345 | Gauntlet | Found a large runed translucent door.
 22345 | Gauntlet | Found a large runed translucent door.
 22346 | Gauntlet | Found a runed translucent gate.
 22347 | Gauntlet | Found a transporter.
 22347 | Gauntlet | Found a runed translucent gate.
 22348 | Gauntlet | Found a runed translucent gate.
 22349 | Gauntlet | Found a large runed translucent door.
 22349 | Gauntlet | Found a large runed translucent door.
 22350 | Gauntlet | Found a large runed translucent door.
 22351 | Gauntlet | Found a large runed translucent door.
 22360 | Gauntlet | Found a large runed translucent door.
 22360 | Gauntlet | Found a large runed translucent door.
 22360 | Gauntlet | Found a runed translucent door.
 22360 | Gauntlet | Found a runed translucent door.
 22361 | Gauntlet | Found a large runed translucent door.
 22362 | Gauntlet | Found a large runed translucent door.
 22364 | Gauntlet | Found a transporter.
 22367 | Gauntlet | Found a transporter.
 22380 | Gauntlet | Found a transporter.
 22381 | Gauntlet | Found a transporter.
 22428 | Gauntlet | Found a large runed translucent door.
 22429 | Gauntlet | Found a large runed translucent door.
 22430 | Gauntlet | Found a large runed translucent door.
 22430 | Gauntlet | Found a large runed translucent door.
 22677 | Gauntlet | Identified the +5 whip of Expedience {slash, Str+2}
 23613 | Lair:6   | HP: 2/115 [lindwurm/blast of flame (36)]
 23614 | Lair:6   | Killed from afar by a lindwurm

Skill      XL: |  1  2  3  4  5  6  7  8  9 10 11 12 13 14 15 |
---------------+----------------------------------------------+-----
Conjurations   | 1 2 3 4 5 6 |  6.0
Poison Magic   | 1 3 5 6 8 |  8.0
Fire Magic     | 1 2 3 4 |  4.0
Air Magic      | 1 3 4 |  4.0
Fighting       | 1 3 5 6 8 9 10 | 10.2
Armour         | 1 3 5 6 8 9 10 | 10.3
Dodging        | 2 3 4 6 7 8 |  8.1
Necromancy     | 1 2 6 9 10 | 10.7
Maces & Flails | 1 2 4 |  4.0
Slings         | 1 |  1.0
Spellcasting   | 4 7 8 |  8.7
Bows           | 1 |  1.2
Evocations     | 3 6 |  6.0
Stealth        | 5 6 |  6.0
Ice Magic      | 3 6 |  6.0
Charms         | 3 5 6 |  6.0
Summonings     | |  1.0
Translocations | |  0.8

Action                   |  1- 3 |  4- 6 |  7- 9 | 10-12 | 13-15 || total
-------------------------+-------+-------+-------+-------+-------++-------
Melee: Club              |    20 |       |       |       |       ||    20
       Short sword       |    11 |   101 |    64 |       |       ||   176
       Whip              |       |       |    93 |   639 |  1236 ||  1968
       Flail             |       |       |       |     8 |       ||     8
       Halberd           |       |       |       |       |    45 ||    45
 Fire: Hunting sling     |       |       |   229 |    55 |       ||   284
       Shortbow          |       |       |       |     4 |       ||     4
Throw: Stone             |       |     1 |       |       |       ||     1
 Cast: Magic Dart        |    76 |    91 |    56 |    92 |     1 ||   316
       Mephitic Cloud    |     2 |     8 |    43 |    73 |   124 ||   250
       Conjure Flame     |       |     2 |    18 |    49 |   116 ||   185
       Dispel Undead     |       |       |       |     2 |    11 ||    13
       Vampiric Draining |       |       |       |    39 |    87 ||   126
       Regeneration      |       |       |       |       |    56 ||    56
       Sublimation of Bl |       |       |       |       |     9 ||     9
Invok: Receive Necronomi |       |       |       |       |     1 ||     1
       Renounce Religion |       |       |       |       |     1 ||     1
 Abil: Dig               |     1 |     6 |     8 |    37 |    45 ||    97
Evoke: Wand              |       |       |       |     4 |     3 ||     7
  Use: Potion            |       |       |     2 |     2 |     4 ||     8
       Scroll            |       |       |     5 |    11 |    11 ||    27
 Stab: Sleeping          |     1 |       |       |       |     3 ||     4
       Confused          |       |     1 |    15 |    31 |    62 ||   109
  Eat: Chunk             |     1 |     8 |    17 |    30 |     3 ||    59
       Ration            |       |       |       |       |    14 ||    14
Armor: Robe              |     5 |     8 |    18 |    15 |       ||    46
       Animal skin       |       |     7 |       |       |       ||     7
       Leather armour    |       |       |       |    44 |       ||    44
       Troll leather arm |       |       |       |    61 |   319 ||   380
Dodge: Dodged            |    27 |    73 |   125 |   399 |   830 ||  1454
